Quebec Nordiques vs Hartford Whalers
Created - Friday, August 22, 2025 at 07:53
Goals
|
| Quebec Nordiques |
1 |
2 |
1 |
4 |
| Hartford Whalers |
3 |
1 |
1 |
5 |
|
Shots
|
| Quebec Nordiques |
9 |
19 |
13 |
41 |
| Hartford Whalers |
9 |
17 |
9 |
35 |
|
1st period
1. Hartford Whalers , Anthony Cirelli 5 (Seth Jones 1) at 2:20
2. Hartford Whalers , Matthew Coronato 4 (Dylan Guenther 7, Anders Lee 2) at 2:58
3. Hartford Whalers , Anthony Cirelli 6 (Pierre-Luc Dubois 7, Tomas Hertl 4) at 7:51
4. Quebec Nordiques , Connor McDavid 4 (Michael Anderson 3, Rickard Rakell 5) at 13:37 (PP)
Penalties :
Charlie McAvoy (HFD) for Slashing (Minor) at 8:54, Pierre-Luc Dubois (HFD) for Slashing (Minor) at 12:33, Tyler Myers (HFD) for High sticking (Minor) at 12:56, Pierre-Luc Dubois (HFD) for Slashing (Minor) at 18:23
2nd period
5. Quebec Nordiques , Will Smith 5 (Nikolaj Ehlers 8, Alex Vlasic 4) at 15:31
6. Quebec Nordiques , Rickard Rakell 5 (Connor McDavid 12, Alex DeBrincat 7) at 16:56
7. Hartford Whalers , Tomas Hertl 4 (Pierre-Luc Dubois 8, Anthony Cirelli 9) at 19:05 (PP)
Penalties :
Pierre-Luc Dubois (HFD) for Slashing (Minor) at 13:17, Brock Faber (QUE) for Interference (Minor) at 17:19
3rd period
8. Hartford Whalers , Anders Lee 2 (Dylan Guenther 8, Matthew Coronato 3) at 5:47
9. Quebec Nordiques , Marco Rossi 2 (Matthew Knies 4, Matt Duchene 7) at 12:32
Penalties :
Charlie McAvoy (HFD) for Holding (Minor) at 6:12, Joshua Norris (HFD) for Tripping (Minor) at 14:34, Nikita Zadorov (QUE) for Cross-checking (Minor) at 19:02
Goalie Stats
Lukas Dostal (QUE), 30 saves from 35 shots - (0.857), L, 1-2-0, 59:28 minutes
Samuel Montembeault (HFD), 37 saves from 41 shots - (0.902), W, 5-5-3, 60:00 minutes
Players Stats for Quebec Nordiques
Player Name G A P +/- PIM S H SB GA TA FO MP PP MP PK MP
------------------------------------------------------------------------------------
Alex DeBrincat 0 1 1 1 0 2 1 1 0 0 1/2 20:08 7:09 0:00
Alex Vlasic 0 1 1 -1 0 1 0 3 0 1 0/0 27:36 7:26 1:06
Alexandre Carrier 0 0 0 -2 0 1 1 0 1 1 0/0 18:15 4:51 1:37
Brock Faber 0 0 0 3 2 0 3 0 0 1 0/0 23:19 7:26 0:00
Connor Brown 0 0 0 -1 0 1 0 0 0 0 1/1 9:38 0:00 1:05
Connor McDavid 1 1 2 1 0 7 2 1 2 0 20/31 20:11 7:12 0:00
Frederick Gaudreau 0 0 0 -1 0 4 0 0 0 0 0/0 10:11 0:00 1:38
Jake Middleton 0 0 0 -2 0 1 1 2 0 3 0/0 12:42 0:00 0:55
Marco Rossi 1 0 1 -1 0 4 1 1 3 0 13/17 17:49 5:05 0:00
Matt Duchene 0 1 1 -1 0 2 0 0 1 0 0/0 17:49 5:05 0:00
Matthew Knies 0 1 1 -1 0 2 3 0 2 0 0/2 17:49 5:05 0:00
Michael Anderson 0 1 1 2 0 3 0 0 0 0 0/0 20:06 4:51 1:06
Michael McCarron 0 0 0 -1 0 0 1 0 0 0 6/10 9:38 0:00 1:05
Nikita Zadorov 0 0 0 -2 2 1 2 2 0 2 0/0 18:00 0:00 0:42
Nikolaj Ehlers 0 1 1 0 0 3 0 0 2 0 0/0 10:47 0:03 0:00
Rickard Rakell 1 1 2 1 0 5 3 0 0 0 0/0 20:08 7:09 0:00
Shane Pinto 0 0 0 0 0 2 0 0 0 1 3/13 12:22 0:00 1:38
Will Smith 1 0 1 0 0 2 0 0 0 0 1/1 10:47 0:03 0:00
Players Stats for Hartford Whalers
Player Name G A P +/- PIM S H SB GA TA FO MP PP MP PK MP
------------------------------------------------------------------------------------
Anders Lee 1 1 2 1 0 4 1 0 1 0 1/2 11:42 0:00 0:00
Anthony Cirelli 2 1 3 2 0 5 0 0 0 0 15/30 21:20 1:39 5:35
Braden Schneider 0 0 0 0 0 1 0 1 0 0 0/0 14:02 0:00 0:00
Charlie McAvoy 0 0 0 0 4 0 2 0 0 1 0/0 15:19 0:00 1:01
Devon Toews 0 0 0 2 0 0 0 2 0 0 0/0 23:04 1:47 5:52
Dylan Guenther 0 2 2 1 0 2 1 1 1 0 0/0 11:42 0:00 0:00
Frank Nazar 0 0 0 0 0 1 0 0 1 0 2/3 4:52 0:00 0:00
Jonathan Drouin 0 0 0 0 0 0 0 0 1 0 0/1 5:49 0:00 0:53
Joshua Norris 0 0 0 -2 2 0 3 1 1 1 1/5 20:01 1:04 4:26
Kaapo Kakko 0 0 0 0 0 0 0 0 0 0 0/0 4:52 0:00 0:00
Matthew Coronato 1 1 2 1 0 5 0 1 1 0 3/11 11:42 0:00 0:00
Nick Suzuki 0 0 0 -2 0 1 1 0 0 1 8/19 21:35 1:04 6:11
Pierre-Luc Dubois 0 2 2 2 6 1 3 1 2 1 0/0 16:05 1:39 0:38
Seth Jones 0 1 1 -1 0 4 2 1 0 3 0/0 22:54 0:56 6:25
Tom Wilson 0 0 0 -2 0 5 2 2 1 0 2/4 21:34 1:04 6:10
Tomas Hertl 1 1 2 2 0 2 3 0 0 0 0/2 15:26 1:39 0:00
Tyler Myers 0 0 0 -1 2 1 1 3 0 1 0/0 21:52 0:56 5:23
Vladislav Gavrikov 0 0 0 2 0 3 0 1 0 3 0/0 23:04 1:47 5:52
3 Stars
1 - Anthony Cirelli (HFD)
2 - Tomas Hertl (HFD)
3 - Rickard Rakell (QUE)
Power Play
Quebec Nordiques - 1 on 7 Attempt(s) - 14.29%
Hartford Whalers - 1 on 2 Attempt(s) - 50.00%
Penalty Kill
Quebec Nordiques - 1 on 2 Attempt(s) - 50.00%
- Score 0 goal in Penalty Kill
Hartford Whalers - 6 on 7 Attempt(s) - 85.71%
- Score 0 goal in Penalty Kill
Team Stat
Quebec Nordiques - Hits : 18 - Faceoff Wins : 45 - Blocked Shots : 10 - Penalty Minutes : 4
Hartford Whalers - Hits : 19 - Faceoff Wins : 32 - Blocked Shots : 14 - Penalty Minutes : 14
Official
Referees : Cody Beach and Michael Markovic
Linesman : Mark Shewchyk and Julien Fournier
Game Notes
16:53 of 3rd period - Hartford Whalers goal is going for a video replay. After video review, No Goal. The attacking player has interfered with a goalkeeper in his goal crease.
Finance
Level 1 -- Attendance: 5302 (88.37%) -- Ticket Income $450,670
Level 2 -- Attendance: 4601 (92.02%) -- Ticket Income $253,055
Level 3 -- Attendance: 2824 (94.13%) -- Ticket Income $84,720
Level 4 -- Attendance: 5000 (100.00%) -- Ticket Income $100,000
Luxury Box -- Attendance: 968 (96.80%) -- Ticket Income $183,920
Game was played at the Hartford Civic Center.
Total Attendance: 18695 (93.48%)
Total Ticket Income: $1,072,365
Other Income: $375,328
Total Income: $1,447,693
Quebec Nordiques
5 vs 5 Forward
Center Left Wing Right Wing Time % Phy DF OF
1 Connor McDavid Alex DeBrincat Rickard Rakell 30 1 1 3
2 Marco Rossi Matthew Knies Matt Duchene 30 1 1 3
3 Shane Pinto Will Smith Nikolaj Ehlers 25 1 1 3
4 Michael McCarron Frederick Gaudreau Connor Brown 15 1 3 1
5 vs 5 Defense
Defense Defense Time % Phy DF OF
1 Alex Vlasic Nikita Zadorov 30 1 2 2
2 Brock Faber Michael Anderson 30 1 2 2
3 Jake Middleton Alexandre Carrier 25 1 2 2
4 Alex Vlasic Nikita Zadorov 15 1 2 2
PowerPlay Forward
Center Left Wing Right Wing Time % Phy DF OF
1 Connor McDavid Alex DeBrincat Rickard Rakell 60 1 0 4
2 Marco Rossi Matthew Knies Matt Duchene 40 1 0 4
PowerPlay Defense
Defense Defense Time % Phy DF OF
1 Brock Faber Alex Vlasic 60 1 2 2
2 Alexandre Carrier Michael Anderson 40 1 2 2
Penalty Kill 4 Players Forward
Center Wing Time % Phy DF OF
1 Shane Pinto Frederick Gaudreau 50 2 3 0
2 Michael McCarron Connor Brown 50 2 3 0
Penalty Kill 4 Players Defense
Defense Defense Time % Phy DF OF
1 Alex Vlasic Michael Anderson 50 2 3 0
2 Alexandre Carrier Nikita Zadorov 50 2 3 0
Penalty Kill - 3 Players Forward
Forward Time % Phy DF OF
1 Shane Pinto 50 1 2 2
2 Michael McCarron 50 1 2 2
Penalty Kill - 3 Players Defense
Defense Defense Time % Phy DF OF
1 Alex Vlasic Michael Anderson 50 1 2 2
2 Alexandre Carrier Nikita Zadorov 50 1 2 2
4 vs 4 Forward
Center Wing Time % Phy DF OF
1 Connor McDavid Matt Duchene 50 1 1 3
2 Marco Rossi Alex DeBrincat 50 1 1 3
4 vs 4 Defense
Defense Defense Time % Phy DF OF
1 Alex Vlasic Nikita Zadorov 50 1 2 2
2 Brock Faber Michael Anderson 50 1 2 2
Last Minutes Offensive
Center Left Wing Right Wing Defense Defense
Connor McDavid Matt Duchene Alex DeBrincat Alex Vlasic Brock Faber
Last Minutes Defensive
Center Left Wing Right Wing Defense Defense
Shane Pinto Frederick Gaudreau Michael McCarron Alex Vlasic Michael Anderson
Goaltenders
Starting : Lukas Dostal
Backup : Joseph Woll
Extra Forwards
Normal : Nikolaj Ehlers, Shane Pinto, Will Smith - PP : Nikolaj Ehlers, Will Smith - PK : Matthew Knies
Extra Defensemen
Normal : Brock Faber, Jake Middleton, Nikita Zadorov - PP : Jake Middleton - PK : Jake Middleton, Brock Faber
Penalty Shots
Alex DeBrincat, Connor McDavid, Matt Duchene, Frederick Gaudreau, Rickard Rakell
Scratches
Collin Graf (Healthy)
Hartford Whalers
5 vs 5 Forward
Center Left Wing Right Wing Time % Phy DF OF
1 Nick Suzuki Joshua Norris Tom Wilson 32 0 2 3
2 Anthony Cirelli Tomas Hertl Pierre-Luc Dubois 32 0 2 3
3 Matthew Coronato Dylan Guenther Anders Lee 26 1 2 2
4 Frank Nazar Jonathan Drouin Kaapo Kakko 10 0 3 2
5 vs 5 Defense
Defense Defense Time % Phy DF OF
1 Tyler Myers Seth Jones 35 2 2 1
2 Vladislav Gavrikov Devon Toews 33 1 3 1
3 Braden Schneider Charlie McAvoy 32 2 2 1
4 Tyler Myers Seth Jones 0 1 2 2
PowerPlay Forward
Center Left Wing Right Wing Time % Phy DF OF
1 Nick Suzuki Joshua Norris Tom Wilson 50 1 1 3
2 Anthony Cirelli Tomas Hertl Pierre-Luc Dubois 50 1 1 3
PowerPlay Defense
Defense Defense Time % Phy DF OF
1 Tyler Myers Seth Jones 50 1 1 3
2 Vladislav Gavrikov Devon Toews 50 1 1 3
Penalty Kill 4 Players Forward
Center Wing Time % Phy DF OF
1 Nick Suzuki Tom Wilson 50 1 3 1
2 Joshua Norris Anthony Cirelli 50 1 3 1
Penalty Kill 4 Players Defense
Defense Defense Time % Phy DF OF
1 Tyler Myers Seth Jones 50 2 3 0
2 Vladislav Gavrikov Devon Toews 50 2 3 0
Penalty Kill - 3 Players Forward
Forward Time % Phy DF OF
1 Nick Suzuki 50 1 2 2
2 Tom Wilson 50 1 2 2
Penalty Kill - 3 Players Defense
Defense Defense Time % Phy DF OF
1 Tyler Myers Seth Jones 50 2 2 0
2 Vladislav Gavrikov Braden Schneider 50 2 2 0
4 vs 4 Forward
Center Wing Time % Phy DF OF
1 Nick Suzuki Tom Wilson 50 1 1 3
2 Joshua Norris Anthony Cirelli 50 1 1 3
4 vs 4 Defense
Defense Defense Time % Phy DF OF
1 Tyler Myers Seth Jones 50 1 2 2
2 Vladislav Gavrikov Devon Toews 50 1 2 2
Last Minutes Offensive
Center Left Wing Right Wing Defense Defense
Nick Suzuki Joshua Norris Tom Wilson Charlie McAvoy Seth Jones
Last Minutes Defensive
Center Left Wing Right Wing Defense Defense
Joshua Norris Anthony Cirelli Tom Wilson Tyler Myers Braden Schneider
Goaltenders
Starting : Samuel Montembeault
Backup : Spencer Knight
Extra Forwards
Normal : Dylan Guenther, Anders Lee, Jonathan Drouin - PP : Dylan Guenther, Anders Lee - PK : Jonathan Drouin
Extra Defensemen
Normal : Braden Schneider, Charlie McAvoy, Vladislav Gavrikov - PP : Braden Schneider - PK : Charlie McAvoy, Vladislav Gavrikov
Penalty Shots
Nick Suzuki, Tom Wilson, Joshua Norris, Anthony Cirelli, Tomas Hertl
Scratches
Alex Newhook (Healthy), Danny Zhilkin (Healthy)
% Time on Ice - Quebec Nordiques
Lines # - Real PCT - Wanted PCT - Time Play
Normal Forward
1 - 29% - 30% - 12:59
2 - 28% - 30% - 12:44
3 - 24% - 25% - 10:44
4 - 19% - 15% - 8:33
Normal Defense
1 - 31% - 30% - 13:54
2 - 31% - 30% - 14:09
3 - 26% - 25% - 11:47
4 - 11% - 15% - 5:10
PP Forward
1 - 59% - 60% - 7:12
2 - 41% - 40% - 5:05
PP Defense
1 - 61% - 60% - 7:26
2 - 39% - 40% - 4:51
PK Forward
1 - 60% - 50% - 1:38
2 - 40% - 50% - 1:05
PK Defense
1 - 40% - 50% - 1:06
2 - 60% - 50% - 1:37
PK3 Forward
1 - 0% - 50%
2 - 0% - 50%
PK3 Defense
1 - 0% - 50%
2 - 0% - 50%
44 Forward
1 - 0% - 50%
2 - 0% - 50%
44 Defense
1 - 0% - 50%
2 - 0% - 50%
Last Minute Offensive - 0:00
Last Minute Defensive - 0:00
Total
Forward - 60:00
Defense - 60:00
|
% Time on Ice - Hartford Whalers
Lines # - Real PCT - Wanted PCT - Time Play
Normal Forward
1 - 32% - 32% - 14:20
2 - 31% - 32% - 14:06
3 - 26% - 26% - 11:42
4 - 11% - 10% - 4:52
Normal Defense
1 - 35% - 35% - 15:33
2 - 34% - 33% - 15:25
3 - 31% - 32% - 14:02
4 - 0% - 0% - 0:00
PP Forward
1 - 39% - 50% - 1:04
2 - 61% - 50% - 1:39
PP Defense
1 - 34% - 50% - 0:56
2 - 66% - 50% - 1:47
PK Forward
1 - 50% - 50% - 5:50
2 - 50% - 50% - 5:46
PK Defense
1 - 49% - 50% - 5:44
2 - 51% - 50% - 5:52
PK3 Forward
1 - 51% - 50% - 0:21
2 - 49% - 50% - 0:20
PK3 Defense
1 - 100% - 50% - 0:41
2 - 0% - 50% - 0:00
44 Forward
1 - 0% - 50%
2 - 0% - 50%
44 Defense
1 - 0% - 50%
2 - 0% - 50%
Last Minute Offensive - 0:00
Last Minute Defensive - 0:00
Total
Forward - 60:00
Defense - 60:00
|
Play-by-Play
1st period
0:01 of 1st period - Connor McDavid wins face-off versus Nick Suzuki in neutral zone.
1:29 of 1st period - Icing by Frederick Gaudreau.
1:30 of 1st period - Connor Brown wins face-off versus Matthew Coronato in Quebec Nordiques zone.
2:20 of 1st period - Snap shot by Anthony Cirelli.
2:20 of 1st period - Goal by Anthony Cirelli - Quebec Nordiques : 0 - Hartford Whalers : 1.
2:21 of 1st period - Connor McDavid wins face-off versus Anthony Cirelli in neutral zone.
2:38 of 1st period - Wrist shot by Anthony Cirelli.
2:38 of 1st period - Stopped by Lukas Dostal with a rebound.
2:52 of 1st period - Wrist shot by Matthew Coronato.
2:52 of 1st period - Stopped by Lukas Dostal with a rebound.
2:56 of 1st period - Snap shot by Dylan Guenther.
2:56 of 1st period - Stopped by Lukas Dostal with a rebound.
2:58 of 1st period - Slapshot by Matthew Coronato.
2:58 of 1st period - Goal by Matthew Coronato - Quebec Nordiques : 0 - Hartford Whalers : 2.
2:59 of 1st period - Marco Rossi wins face-off versus Nick Suzuki in neutral zone.
3:15 of 1st period - Snap shot by Tom Wilson.
3:15 of 1st period - Stopped by Lukas Dostal without a rebound.
3:16 of 1st period - Shane Pinto wins face-off versus Anthony Cirelli in Quebec Nordiques zone.
4:45 of 1st period - Jake Middleton is hit by Seth Jones and loses puck.
5:04 of 1st period - Matt Duchene is hit by Dylan Guenther.
5:10 of 1st period - Alex Vlasic is hit by Anders Lee and loses puck.
5:29 of 1st period - Braden Schneider is hit by Rickard Rakell and loses puck.
6:12 of 1st period - Snap shot by Matt Duchene.
6:12 of 1st period - Shot Misses the Net.
6:39 of 1st period - Snap shot by Frederick Gaudreau.
6:39 of 1st period - Stopped by Samuel Montembeault with a rebound.
7:09 of 1st period - Off-side.
7:10 of 1st period - Anthony Cirelli wins face-off versus Shane Pinto in neutral zone.
7:19 of 1st period - Off-side.
7:20 of 1st period - Connor McDavid wins face-off versus Nick Suzuki in neutral zone.
7:23 of 1st period - Wrist shot by Connor McDavid.
7:23 of 1st period - Deflect By Rickard Rakell.
7:23 of 1st period - Stopped by Samuel Montembeault with a rebound.
7:25 of 1st period - Snap shot by Michael Anderson.
7:25 of 1st period - Stopped by Samuel Montembeault with a rebound.
7:27 of 1st period - Snap shot by Michael Anderson.
7:27 of 1st period - Stopped by Samuel Montembeault with a rebound.
7:29 of 1st period - Slapshot by Brock Faber.
7:29 of 1st period - Shot Blocked by Tom Wilson.
7:31 of 1st period - Slapshot by Michael Anderson.
7:31 of 1st period - Shot Blocked by Joshua Norris.
7:33 of 1st period - Slapshot by Michael Anderson.
7:33 of 1st period - Shot Blocked by Devon Toews.
7:35 of 1st period - Slapshot by Michael Anderson.
7:35 of 1st period - Stopped by Samuel Montembeault without a rebound.
7:36 of 1st period - Anthony Cirelli wins face-off versus Marco Rossi in Hartford Whalers zone.
7:36 of 1st period - Tomas Hertl is hit by Nikita Zadorov and loses puck.
7:51 of 1st period - Snap shot by Anthony Cirelli.
7:51 of 1st period - Goal by Anthony Cirelli - Quebec Nordiques : 0 - Hartford Whalers : 3.
7:52 of 1st period - Shane Pinto wins face-off versus Matthew Coronato in neutral zone.
8:17 of 1st period - Alex Vlasic is hit by Nick Suzuki.
8:31 of 1st period - Snap shot by Nick Suzuki.
8:31 of 1st period - Deflect By Tom Wilson.
8:31 of 1st period - Stopped by Lukas Dostal without a rebound.
8:32 of 1st period - Marco Rossi wins face-off versus Anthony Cirelli in Quebec Nordiques zone.
8:32 of 1st period - Marco Rossi is hit by Pierre-Luc Dubois.
8:54 of 1st period - Minor Penalty to Charlie McAvoy for Slashing.
8:55 of 1st period - Nick Suzuki wins face-off versus Connor McDavid in Hartford Whalers zone.
10:44 of 1st period - Nick Suzuki is hit by Rickard Rakell and loses puck.
10:54 of 1st period - Penalty to Charlie McAvoy is over, Charlie McAvoy is back on ice.
11:21 of 1st period - Off-side.
11:22 of 1st period - Michael McCarron wins face-off versus Frank Nazar in neutral zone.
11:25 of 1st period - Vladislav Gavrikov is hit by Jake Middleton and loses puck.
11:34 of 1st period - Slapshot by Connor Brown.
11:34 of 1st period - Shot Blocked by Devon Toews.
11:36 of 1st period - Slapshot by Alexandre Carrier.
11:36 of 1st period - Stopped by Samuel Montembeault without a rebound.
11:37 of 1st period - Connor McDavid wins face-off versus Tomas Hertl in Hartford Whalers zone.
11:49 of 1st period - Off-side.
11:50 of 1st period - Marco Rossi wins face-off versus Nick Suzuki in neutral zone.
12:01 of 1st period - Wrist shot by Matthew Knies.
12:01 of 1st period - Shot Misses the Net.
12:03 of 1st period - Snap shot by Matt Duchene.
12:03 of 1st period - Shot Misses the Net.
12:07 of 1st period - Slapshot by Matt Duchene.
12:07 of 1st period - Shot Misses the Net.
12:33 of 1st period - Minor Penalty to Pierre-Luc Dubois for Slashing.
12:34 of 1st period - Anthony Cirelli wins face-off versus Connor McDavid in Hartford Whalers zone.
12:34 of 1st period - Anthony Cirelli is hit by Brock Faber.
12:56 of 1st period - Minor Penalty to Tyler Myers for High sticking.
12:57 of 1st period - Nick Suzuki wins face-off versus Connor McDavid in Hartford Whalers zone.
13:24 of 1st period - Alex Vlasic is hit by Tom Wilson and loses puck.
13:31 of 1st period - Slapshot by Connor McDavid.
13:31 of 1st period - Stopped by Samuel Montembeault with a rebound.
13:35 of 1st period - Slapshot by Connor McDavid.
13:35 of 1st period - Shot Misses the Net.
13:37 of 1st period - Slapshot by Connor McDavid.
13:37 of 1st period - Goal by Connor McDavid - Quebec Nordiques : 1 - Hartford Whalers : 3.
13:38 of 1st period - Marco Rossi wins face-off versus Joshua Norris in neutral zone.
14:56 of 1st period - Penalty to Tyler Myers is over, Tyler Myers is back on ice.
15:00 of 1st period - Alex Vlasic is hit by Charlie McAvoy.
16:09 of 1st period - Snap shot by Anders Lee.
16:09 of 1st period - Stopped by Lukas Dostal with a rebound.
16:11 of 1st period - Wrist shot by Anders Lee.
16:11 of 1st period - Shot Blocked by Alex Vlasic.
16:22 of 1st period - Icing by Shane Pinto.
16:23 of 1st period - Shane Pinto wins face-off versus Nick Suzuki in Quebec Nordiques zone.
16:49 of 1st period - Off-side.
16:50 of 1st period - Michael McCarron wins face-off versus Anthony Cirelli in neutral zone.
17:41 of 1st period - Alexandre Carrier is hit by Charlie McAvoy and loses puck.
17:58 of 1st period - Wrist shot by Nikolaj Ehlers.
17:58 of 1st period - Stopped by Samuel Montembeault with a rebound.
18:00 of 1st period - Wrist shot by Shane Pinto.
18:00 of 1st period - Shot Misses the Net.
18:23 of 1st period - Minor Penalty to Pierre-Luc Dubois for Slashing.
18:24 of 1st period - Alex DeBrincat wins face-off versus Joshua Norris in Hartford Whalers zone.
19:50 of 1st period - Nick Suzuki is hit by Alex DeBrincat.
Goals for this period are 1 for Quebec Nordiques vs 3 for Hartford Whalers.
Shots for this period are 9 for Quebec Nordiques vs 9 for Hartford Whalers.
2nd period
0:01 of 2nd period - Connor McDavid wins face-off versus Joshua Norris in neutral zone.
0:23 of 2nd period - Penalty to Pierre-Luc Dubois is over, Pierre-Luc Dubois is back on ice.
0:34 of 2nd period - Wrist shot by Matthew Coronato.
0:34 of 2nd period - Stopped by Lukas Dostal without a rebound.
0:35 of 2nd period - Connor McDavid wins face-off versus Nick Suzuki in Quebec Nordiques zone.
0:35 of 2nd period - Connor McDavid is hit by Tom Wilson.
0:47 of 2nd period - Alexandre Carrier is hit by Joshua Norris.
1:03 of 2nd period - Tomas Hertl is hit by Matthew Knies and loses puck.
1:30 of 2nd period - Tyler Myers is hit by Alexandre Carrier and loses puck.
1:57 of 2nd period - Slapshot by Shane Pinto.
1:57 of 2nd period - Stopped by Samuel Montembeault without a rebound.
1:58 of 2nd period - Connor McDavid wins face-off versus Tomas Hertl in Hartford Whalers zone.
2:05 of 2nd period - Wrist shot by Pierre-Luc Dubois.
2:05 of 2nd period - Deflect By Tomas Hertl.
2:05 of 2nd period - Shot Misses the Net.
2:05 of 2nd period - Puck is out of play.
2:06 of 2nd period - Connor McDavid wins face-off versus Anthony Cirelli in Quebec Nordiques zone.
2:20 of 2nd period - Off-side.
2:21 of 2nd period - Marco Rossi wins face-off versus Nick Suzuki in neutral zone.
2:48 of 2nd period - Brock Faber is hit by Tomas Hertl and loses puck.
3:08 of 2nd period - Off-side.
3:09 of 2nd period - Anders Lee wins face-off versus Shane Pinto in neutral zone.
3:51 of 2nd period - Snap shot by Anders Lee.
3:51 of 2nd period - Shot Misses the Net.
4:15 of 2nd period - Icing by Jake Middleton.
4:16 of 2nd period - Nick Suzuki wins face-off versus Shane Pinto in Quebec Nordiques zone.
4:43 of 2nd period - Pierre-Luc Dubois is hit by Matthew Knies and loses puck.
5:06 of 2nd period - Wrist shot by Frank Nazar.
5:06 of 2nd period - Shot Blocked by Alex Vlasic.
5:08 of 2nd period - Slapshot by Vladislav Gavrikov.
5:08 of 2nd period - Stopped by Lukas Dostal with a rebound.
5:10 of 2nd period - Slapshot by Vladislav Gavrikov.
5:10 of 2nd period - Stopped by Lukas Dostal without a rebound.
5:11 of 2nd period - Frank Nazar wins face-off versus Connor McDavid in Quebec Nordiques zone.
5:16 of 2nd period - Wrist shot by Frank Nazar.
5:16 of 2nd period - Stopped by Lukas Dostal with a rebound.
6:03 of 2nd period - Pierre-Luc Dubois is hit by Michael McCarron and loses puck.
6:15 of 2nd period - Off-side.
6:16 of 2nd period - Connor McDavid wins face-off versus Nick Suzuki in neutral zone.
6:21 of 2nd period - Wrist shot by Connor McDavid.
6:21 of 2nd period - Deflect By Alex DeBrincat.
6:21 of 2nd period - Shot Misses the Net.
6:21 of 2nd period - Puck is out of play.
6:22 of 2nd period - Marco Rossi wins face-off versus Nick Suzuki in Hartford Whalers zone.
6:37 of 2nd period - Wrist shot by Tom Wilson.
6:37 of 2nd period - Shot Misses the Net.
6:39 of 2nd period - Wrist shot by Nick Suzuki.
6:39 of 2nd period - Stopped by Lukas Dostal without a rebound.
6:40 of 2nd period - Connor McDavid wins face-off versus Anthony Cirelli in Quebec Nordiques zone.
6:47 of 2nd period - Snap shot by Connor McDavid.
6:47 of 2nd period - Shot Misses the Net.
6:49 of 2nd period - Wrist shot by Connor McDavid.
6:49 of 2nd period - Shot Blocked by Pierre-Luc Dubois.
6:51 of 2nd period - Slapshot by Alex Vlasic.
6:51 of 2nd period - Shot Blocked by Tyler Myers.
6:53 of 2nd period - Snap shot by Connor McDavid.
6:53 of 2nd period - Stopped by Samuel Montembeault with a rebound.
7:13 of 2nd period - Matthew Knies is hit by Seth Jones and loses puck.
7:18 of 2nd period - Snap shot by Tom Wilson.
7:18 of 2nd period - Shot Blocked by Alex Vlasic.
7:36 of 2nd period - Backhand shot by Nikolaj Ehlers.
7:36 of 2nd period - Stopped by Samuel Montembeault without a rebound.
7:37 of 2nd period - Anthony Cirelli wins face-off versus Shane Pinto in Hartford Whalers zone.
7:48 of 2nd period - Snap shot by Tomas Hertl.
7:48 of 2nd period - Stopped by Lukas Dostal with a rebound.
7:50 of 2nd period - Wrist shot by Charlie McAvoy.
7:50 of 2nd period - Deflect By Pierre-Luc Dubois.
7:50 of 2nd period - Stopped by Lukas Dostal without a rebound.
7:51 of 2nd period - Connor McDavid wins face-off versus Nick Suzuki in Quebec Nordiques zone.
9:01 of 2nd period - Wrist shot by Connor McDavid.
9:01 of 2nd period - Shot Misses the Net.
9:07 of 2nd period - Snap shot by Alex DeBrincat.
9:07 of 2nd period - Deflect By Rickard Rakell.
9:07 of 2nd period - Stopped by Samuel Montembeault with a rebound.
9:33 of 2nd period - Slapshot by Frederick Gaudreau.
9:33 of 2nd period - Shot Misses the Net.
10:05 of 2nd period - Snap shot by Jonathan Drouin.
10:05 of 2nd period - Shot Blocked by Marco Rossi.
10:07 of 2nd period - Wrist shot by Frank Nazar.
10:07 of 2nd period - Shot Misses the Net.
10:13 of 2nd period - Wrist shot by Frank Nazar.
10:13 of 2nd period - Shot Blocked by Jake Middleton.
10:15 of 2nd period - Slapshot by Braden Schneider.
10:15 of 2nd period - Stopped by Lukas Dostal without a rebound.
10:16 of 2nd period - Connor McDavid wins face-off versus Nick Suzuki in Quebec Nordiques zone.
10:25 of 2nd period - Snap shot by Tom Wilson.
10:25 of 2nd period - Deflect By Nick Suzuki.
10:25 of 2nd period - Shot Blocked by Nikita Zadorov.
10:25 of 2nd period - Puck is out of play.
10:26 of 2nd period - Nick Suzuki wins face-off versus Connor McDavid in Quebec Nordiques zone.
10:44 of 2nd period - Snap shot by Joshua Norris.
10:44 of 2nd period - Shot Blocked by Connor McDavid.
10:46 of 2nd period - Snap shot by Joshua Norris.
10:46 of 2nd period - Shot Misses the Net.
10:55 of 2nd period - Snap shot by Seth Jones.
10:55 of 2nd period - Shot Blocked by Nikita Zadorov.
10:57 of 2nd period - Wrist shot by Tom Wilson.
10:57 of 2nd period - Stopped by Lukas Dostal with a rebound.
10:59 of 2nd period - Snap shot by Seth Jones.
10:59 of 2nd period - Stopped by Lukas Dostal with a rebound.
11:01 of 2nd period - Slapshot by Tyler Myers.
11:01 of 2nd period - Shot Blocked by Alex DeBrincat.
11:27 of 2nd period - Snap shot by Nick Suzuki.
11:27 of 2nd period - Deflect By Tom Wilson.
11:27 of 2nd period - Stopped by Lukas Dostal without a rebound.
11:28 of 2nd period - Anthony Cirelli wins face-off versus Marco Rossi in Quebec Nordiques zone.
12:05 of 2nd period - Slapshot by Nikolaj Ehlers.
12:05 of 2nd period - Deflect By Dylan Guenther.
12:05 of 2nd period - Shot Blocked by Matthew Coronato.
12:05 of 2nd period - Puck is out of play.
12:06 of 2nd period - Anthony Cirelli wins face-off versus Michael McCarron in Hartford Whalers zone.
12:13 of 2nd period - Jake Middleton is hit by Tomas Hertl and loses puck.
12:19 of 2nd period - Icing by Frederick Gaudreau.
12:20 of 2nd period - Nick Suzuki wins face-off versus Michael McCarron in Quebec Nordiques zone.
12:29 of 2nd period - Snap shot by Connor Brown.
12:29 of 2nd period - Stopped by Samuel Montembeault with a rebound.
12:31 of 2nd period - Slapshot by Jake Middleton.
12:31 of 2nd period - Shot Misses the Net.
12:41 of 2nd period - Snap shot by Frederick Gaudreau.
12:41 of 2nd period - Stopped by Samuel Montembeault with a rebound.
12:43 of 2nd period - Slapshot by Jake Middleton.
12:43 of 2nd period - Stopped by Samuel Montembeault without a rebound.
12:44 of 2nd period - Marco Rossi wins face-off versus Anthony Cirelli in Hartford Whalers zone.
12:45 of 2nd period - Backhand shot by Matt Duchene.
12:45 of 2nd period - Shot Misses the Net.
12:47 of 2nd period - Wrist shot by Matt Duchene.
12:47 of 2nd period - Shot Blocked by Tyler Myers.
12:49 of 2nd period - Wrist shot by Marco Rossi.
12:49 of 2nd period - Stopped by Samuel Montembeault with a rebound.
12:51 of 2nd period - Wrist shot by Matt Duchene.
12:51 of 2nd period - Stopped by Samuel Montembeault with a rebound.
12:53 of 2nd period - Slapshot by Nikita Zadorov.
12:53 of 2nd period - Stopped by Samuel Montembeault without a rebound.
12:54 of 2nd period - Anthony Cirelli wins face-off versus Marco Rossi in Hartford Whalers zone.
12:54 of 2nd period - Anthony Cirelli is hit by Marco Rossi.
13:06 of 2nd period - Snap shot by Matt Duchene.
13:06 of 2nd period - Stopped by Samuel Montembeault with a rebound.
13:08 of 2nd period - Slapshot by Alex Vlasic.
13:08 of 2nd period - Shot Blocked by Seth Jones.
13:10 of 2nd period - Wrist shot by Matt Duchene.
13:10 of 2nd period - Shot Blocked by Tyler Myers.
13:12 of 2nd period - Snap shot by Matthew Knies.
13:12 of 2nd period - Shot Misses the Net.
13:17 of 2nd period - Minor Penalty to Pierre-Luc Dubois for Slashing.
13:18 of 2nd period - Joshua Norris wins face-off versus Connor McDavid in Hartford Whalers zone.
13:18 of 2nd period - Joshua Norris is hit by Brock Faber.
13:37 of 2nd period - Tom Wilson is hit by Rickard Rakell and loses puck.
14:02 of 2nd period - Wrist shot by Anthony Cirelli.
14:02 of 2nd period - Shot Misses the Net.
14:31 of 2nd period - Icing by Alexandre Carrier.
14:32 of 2nd period - Nick Suzuki wins face-off versus Connor McDavid in Quebec Nordiques zone.
15:17 of 2nd period - Penalty to Pierre-Luc Dubois is over, Pierre-Luc Dubois is back on ice.
15:31 of 2nd period - Wrist shot by Will Smith.
15:31 of 2nd period - Goal by Will Smith - Quebec Nordiques : 2 - Hartford Whalers : 3.
15:32 of 2nd period - Connor McDavid wins face-off versus Anthony Cirelli in neutral zone.
15:34 of 2nd period - Off-side.
15:35 of 2nd period - Anthony Cirelli wins face-off versus Connor McDavid in neutral zone.
15:44 of 2nd period - Snap shot by Rickard Rakell.
15:44 of 2nd period - Stopped by Samuel Montembeault without a rebound.
15:45 of 2nd period - Marco Rossi wins face-off versus Matthew Coronato in Hartford Whalers zone.
15:55 of 2nd period - Icing by Vladislav Gavrikov.
15:56 of 2nd period - Connor McDavid wins face-off versus Matthew Coronato in Hartford Whalers zone.
16:03 of 2nd period - Slapshot by Connor McDavid.
16:03 of 2nd period - Stopped by Samuel Montembeault with a rebound.
16:06 of 2nd period - Icing by Dylan Guenther.
16:07 of 2nd period - Marco Rossi wins face-off versus Matthew Coronato in Hartford Whalers zone.
16:11 of 2nd period - Icing by Vladislav Gavrikov.
16:12 of 2nd period - Marco Rossi wins face-off versus Anders Lee in Hartford Whalers zone.
16:15 of 2nd period - Snap shot by Matthew Knies.
16:15 of 2nd period - Stopped by Samuel Montembeault with a rebound.
16:17 of 2nd period - Slapshot by Nikita Zadorov.
16:17 of 2nd period - Shot Blocked by Dylan Guenther.
16:19 of 2nd period - Slapshot by Alex Vlasic.
16:19 of 2nd period - Stopped by Samuel Montembeault with a rebound.
16:21 of 2nd period - Snap shot by Marco Rossi.
16:21 of 2nd period - Shot Misses the Net.
16:38 of 2nd period - Off-side.
16:39 of 2nd period - Connor McDavid wins face-off versus Tom Wilson in neutral zone.
16:48 of 2nd period - Slapshot by Connor McDavid.
16:48 of 2nd period - Stopped by Samuel Montembeault with a rebound.
16:56 of 2nd period - Snap shot by Rickard Rakell.
16:56 of 2nd period - Goal by Rickard Rakell - Quebec Nordiques : 3 - Hartford Whalers : 3.
16:57 of 2nd period - Anthony Cirelli wins face-off versus Matthew Knies in neutral zone.
16:57 of 2nd period - Tomas Hertl is hit by Matthew Knies.
17:01 of 2nd period - Slapshot by Tyler Myers.
17:01 of 2nd period - Stopped by Lukas Dostal with a rebound.
17:03 of 2nd period - Slapshot by Seth Jones.
17:03 of 2nd period - Stopped by Lukas Dostal with a rebound.
17:05 of 2nd period - Slapshot by Seth Jones.
17:05 of 2nd period - Stopped by Lukas Dostal with a rebound.
17:19 of 2nd period - Minor Penalty to Brock Faber for Interference.
17:20 of 2nd period - Tom Wilson wins face-off versus Shane Pinto in Quebec Nordiques zone.
17:54 of 2nd period - Wrist shot by Shane Pinto.
17:54 of 2nd period - Stopped by Samuel Montembeault without a rebound.
17:55 of 2nd period - Anthony Cirelli wins face-off versus Michael McCarron in Hartford Whalers zone.
18:28 of 2nd period - Snap shot by Vladislav Gavrikov.
18:28 of 2nd period - Stopped by Lukas Dostal without a rebound.
18:29 of 2nd period - Nick Suzuki wins face-off versus Shane Pinto in Quebec Nordiques zone.
18:57 of 2nd period - Snap shot by Seth Jones.
18:57 of 2nd period - Deflect By Shane Pinto.
18:57 of 2nd period - Stopped by Lukas Dostal without a rebound.
18:58 of 2nd period - Anthony Cirelli wins face-off versus Shane Pinto in Quebec Nordiques zone.
19:05 of 2nd period - Wrist shot by Tomas Hertl.
19:05 of 2nd period - Goal by Tomas Hertl - Quebec Nordiques : 3 - Hartford Whalers : 4.
19:06 of 2nd period - Anthony Cirelli wins face-off versus Connor McDavid in neutral zone.
19:45 of 2nd period - Joshua Norris is hit by Nikita Zadorov and loses puck.
Goals for this period are 2 for Quebec Nordiques vs 1 for Hartford Whalers.
Shots for this period are 19 for Quebec Nordiques vs 17 for Hartford Whalers.
3rd period
0:01 of 3rd period - Connor McDavid wins face-off versus Anthony Cirelli in neutral zone.
0:06 of 3rd period - Snap shot by Connor McDavid.
0:06 of 3rd period - Shot Misses the Net.
0:34 of 3rd period - Snap shot by Matt Duchene.
0:34 of 3rd period - Shot Blocked by Tom Wilson.
0:36 of 3rd period - Slapshot by Brock Faber.
0:36 of 3rd period - Shot Misses the Net.
0:38 of 3rd period - Snap shot by Marco Rossi.
0:38 of 3rd period - Stopped by Samuel Montembeault with a rebound.
0:50 of 3rd period - Slapshot by Alex Vlasic.
0:50 of 3rd period - Shot Blocked by Vladislav Gavrikov.
0:52 of 3rd period - Snap shot by Michael McCarron.
0:52 of 3rd period - Deflect By Frederick Gaudreau.
0:52 of 3rd period - Shot Misses the Net.
0:52 of 3rd period - Puck is out of play.
0:53 of 3rd period - Michael McCarron wins face-off versus Matthew Coronato in Hartford Whalers zone.
1:18 of 3rd period - Michael McCarron is hit by Pierre-Luc Dubois and loses puck.
1:50 of 3rd period - Wrist shot by Frederick Gaudreau.
1:50 of 3rd period - Stopped by Samuel Montembeault without a rebound.
1:51 of 3rd period - Connor McDavid wins face-off versus Anthony Cirelli in Hartford Whalers zone.
2:17 of 3rd period - Matthew Knies is hit by Joshua Norris and loses puck.
2:42 of 3rd period - Wrist shot by Dylan Guenther.
2:42 of 3rd period - Shot Misses the Net.
2:44 of 3rd period - Slapshot by Matthew Coronato.
2:44 of 3rd period - Stopped by Lukas Dostal without a rebound.
2:45 of 3rd period - Matthew Coronato wins face-off versus Connor McDavid in Quebec Nordiques zone.
2:58 of 3rd period - Snap shot by Matthew Coronato.
2:58 of 3rd period - Deflect By Anders Lee.
2:58 of 3rd period - Stopped by Lukas Dostal without a rebound.
2:59 of 3rd period - Anthony Cirelli wins face-off versus Shane Pinto in Quebec Nordiques zone.
3:55 of 3rd period - Off-side.
3:56 of 3rd period - Anthony Cirelli wins face-off versus Connor McDavid in neutral zone.
4:34 of 3rd period - Slapshot by Anders Lee.
4:34 of 3rd period - Stopped by Lukas Dostal with a rebound.
5:14 of 3rd period - Wrist shot by Anthony Cirelli.
5:14 of 3rd period - Stopped by Lukas Dostal without a rebound.
5:15 of 3rd period - Connor McDavid wins face-off versus Anthony Cirelli in Quebec Nordiques zone.
5:15 of 3rd period - Connor McDavid is hit by Tomas Hertl.
5:45 of 3rd period - Wrist shot by Dylan Guenther.
5:45 of 3rd period - Stopped by Lukas Dostal with a rebound.
5:47 of 3rd period - Snap shot by Anders Lee.
5:47 of 3rd period - Goal by Anders Lee - Quebec Nordiques : 3 - Hartford Whalers : 5.
5:48 of 3rd period - Connor McDavid wins face-off versus Tom Wilson in neutral zone.
5:55 of 3rd period - Slapshot by Connor McDavid.
5:55 of 3rd period - Stopped by Samuel Montembeault with a rebound.
5:57 of 3rd period - Wrist shot by Nikita Zadorov.
5:57 of 3rd period - Shot Blocked by Braden Schneider.
5:59 of 3rd period - Snap shot by Alex DeBrincat.
5:59 of 3rd period - Stopped by Samuel Montembeault with a rebound.
6:01 of 3rd period - Snap shot by Alex DeBrincat.
6:01 of 3rd period - Deflect By Rickard Rakell.
6:01 of 3rd period - Shot Misses the Net.
6:01 of 3rd period - Puck is out of play.
6:02 of 3rd period - Marco Rossi wins face-off versus Anthony Cirelli in Hartford Whalers zone.
6:12 of 3rd period - Minor Penalty to Charlie McAvoy for Holding.
6:13 of 3rd period - Anthony Cirelli wins face-off versus Alex DeBrincat in Hartford Whalers zone.
6:39 of 3rd period - Matt Duchene is hit by Tyler Myers and loses puck.
7:14 of 3rd period - Matt Duchene is hit by Joshua Norris.
8:12 of 3rd period - Penalty to Charlie McAvoy is over, Charlie McAvoy is back on ice.
9:58 of 3rd period - Devon Toews is hit by Connor McDavid.
10:04 of 3rd period - Snap shot by Connor McDavid.
10:04 of 3rd period - Stopped by Samuel Montembeault without a rebound.
10:05 of 3rd period - Michael McCarron wins face-off versus Anthony Cirelli in Hartford Whalers zone.
10:32 of 3rd period - Nick Suzuki is hit by Connor McDavid and loses puck.
10:42 of 3rd period - Off-side.
10:43 of 3rd period - Marco Rossi wins face-off versus Matthew Coronato in neutral zone.
12:20 of 3rd period - Off-side.
12:21 of 3rd period - Marco Rossi wins face-off versus Joshua Norris in neutral zone.
12:26 of 3rd period - Snap shot by Matthew Knies.
12:26 of 3rd period - Stopped by Samuel Montembeault with a rebound.
12:28 of 3rd period - Snap shot by Marco Rossi.
12:28 of 3rd period - Stopped by Samuel Montembeault with a rebound.
12:30 of 3rd period - Snap shot by Marco Rossi.
12:30 of 3rd period - Shot Misses the Net.
12:32 of 3rd period - Slapshot by Marco Rossi.
12:32 of 3rd period - Goal by Marco Rossi - Quebec Nordiques : 4 - Hartford Whalers : 5.
12:33 of 3rd period - Nick Suzuki wins face-off versus Marco Rossi in neutral zone.
13:11 of 3rd period - Wrist shot by Anthony Cirelli.
13:11 of 3rd period - Stopped by Lukas Dostal with a rebound.
13:22 of 3rd period - Anthony Cirelli is hit by Brock Faber and loses puck.
13:31 of 3rd period - Snap shot by Alex DeBrincat.
13:31 of 3rd period - Stopped by Samuel Montembeault without a rebound.
13:32 of 3rd period - Tom Wilson wins face-off versus Matthew Knies in Hartford Whalers zone.
13:39 of 3rd period - Wrist shot by Tom Wilson.
13:39 of 3rd period - Shot Misses the Net.
13:41 of 3rd period - Slapshot by Tyler Myers.
13:41 of 3rd period - Shot Misses the Net.
13:47 of 3rd period - Snap shot by Nick Suzuki.
13:47 of 3rd period - Shot Misses the Net.
13:49 of 3rd period - Slapshot by Tom Wilson.
13:49 of 3rd period - Stopped by Lukas Dostal without a rebound.
13:50 of 3rd period - Matthew Coronato wins face-off versus Shane Pinto in Quebec Nordiques zone.
14:34 of 3rd period - Minor Penalty to Joshua Norris for Tripping.
14:35 of 3rd period - Connor McDavid wins face-off versus Jonathan Drouin in Hartford Whalers zone.
14:44 of 3rd period - Snap shot by Rickard Rakell.
14:44 of 3rd period - Stopped by Samuel Montembeault with a rebound.
16:34 of 3rd period - Penalty to Joshua Norris is over, Joshua Norris is back on ice.
16:37 of 3rd period - Slapshot by Frederick Gaudreau.
16:37 of 3rd period - Stopped by Samuel Montembeault without a rebound.
16:38 of 3rd period - Matthew Coronato wins face-off versus Michael McCarron in Hartford Whalers zone.
16:51 of 3rd period - Snap shot by Anders Lee.
16:51 of 3rd period - Shot Misses the Net.
16:53 of 3rd period - Snap shot by Matthew Coronato.
16:53 of 3rd period - Hartford Whalers goal is going for a video replay.
16:53 of 3rd period - The goal is refused. The attacking player has interfered with a goalkeeper in his goal crease..
16:54 of 3rd period - Frank Nazar wins face-off versus Shane Pinto in Quebec Nordiques zone.
18:08 of 3rd period - Brock Faber is hit by Pierre-Luc Dubois and loses puck.
18:31 of 3rd period - Quebec Nordiques, Lukas Dostal is pulled from the net.
18:33 of 3rd period - Snap shot by Nikolaj Ehlers.
18:33 of 3rd period - Stopped by Samuel Montembeault with a rebound.
18:41 of 3rd period - Wrist shot by Will Smith.
18:41 of 3rd period - Stopped by Samuel Montembeault without a rebound.
18:42 of 3rd period - Will Smith wins face-off versus Matthew Coronato in Hartford Whalers zone.
19:02 of 3rd period - Minor Penalty to Nikita Zadorov for Cross-checking.
19:03 of 3rd period - Lukas Dostal from Quebec Nordiques was sent back in the game.
19:03 of 3rd period - Michael McCarron wins face-off versus Anthony Cirelli in Quebec Nordiques zone.
19:12 of 3rd period - Wrist shot by Tomas Hertl.
19:12 of 3rd period - Deflect By Pierre-Luc Dubois.
19:12 of 3rd period - Shot Blocked by Jake Middleton.
19:12 of 3rd period - Puck is out of play.
19:13 of 3rd period - Patrick Roy call a timeout for Quebec Nordiques.
19:13 of 3rd period - Michael McCarron wins face-off versus Anthony Cirelli in Quebec Nordiques zone.
Goals for this period are 1 for Quebec Nordiques vs 1 for Hartford Whalers.
Shots for this period are 13 for Quebec Nordiques vs 9 for Hartford Whalers.
Back to the Top